 Dungeon Crawl Stone Soup version 0.31-a0-965-g8a8ce12e04 (webtiles) character file.

Game seed: 14126144638298461920

2499 Dirtsage the Martial Artist (level 9, -2/62 HPs)
             Began as an Octopode Shapeshifter on Oct 26, 2023.
             Was a Believer of Wu Jian.
             Slain by a wyvern (7 damage)
             ... on level 6 of the Dungeon.
             The game lasted 00:10:38 (5977 turns).

Dirtsage the Martial Artist (Octopode Shapeshifter) Turns: 5977, Time: 00:10:39

Health: -2/62      AC:  1    Str: 13    XL:     9   Next: 53%
Magic:  9/9        EV: 13    Int: 19    God:    Wu Jian [**....]
Gold:   402        SH:  0    Dex: 15    Spells: 8/8 levels left

rFire   . .          .
                       - Unarmed
rCold   + . .        (no shield)
rNeg    . . .        (helmet currently unavailable)
rPois   .            (no amulet)
rElec   .            m - +6 ring of intelligence
rCorr   .            I - ring of protection from cold
SInv    .            (no ring)
Will    .....        (no ring)
Stlth   ++           (no ring)
HPRegen 0.30/turn    (no ring)
MPRegen 0.11/turn    (no ring)
                     (no ring)

%: no passive effects
@: beast-form
A: beast (slay +4), almost no armour, amphibious, 8 rings, camouflage 1,
gelatinous body 1, (nimble swimmer 1), tentacles
a: Begin Untransformation, Renounce Religion, Wall Jump


You were on level 6 of the Dungeon.
You worshipped Wu Jian.
Wu Jian was pleased with you.
You were a hulking beast.
You visited 1 branch of the dungeon, and saw 6 of its levels.

You collected 402 gold pieces.

Inventory:

Jewellery
 m - a +6 ring of intelligence (left tentacle)
 I - a ring of protection from cold (right tentacle)
Talismans
 b - a beast talisman
 c - a flux talisman
Wands
 s - a wand of paralysis (10)
 v - a wand of flame (10)
Scrolls
 e - 2 scrolls of teleportation {unknown}
 f - 2 scrolls of amnesia
 g - a scroll of fear
 i - 2 scrolls of noise {unknown}
 j - a scroll of poison
 l - a scroll of fog
 n - 2 scrolls of immolation
 o - a scroll of enchant armour
 p - a scroll of acquirement {unknown}
 r - a scroll of silence {unknown}
 t - a scroll of vulnerability
 w - 2 scrolls of blinking {unknown}
Potions
 a - a potion of resistance {unknown}
 d - a potion of degeneration {unknown}
 h - 3 potions of might {unknown}
 k - 4 potions of heal wounds {unknown}
 q - a potion of curing
 u - a potion of mutation {unknown}
 x - a potion of ambrosia {unknown}
 z - a potion of invisibility {unknown}


   Skills:
 + Level 5.6 Fighting
 - Level 2.0 Dodging
 * Level 8.6 Unarmed Combat
 + Level 7.8 Shapeshifting


You had 8 spell levels left.
You didn't know any spells.
Your spell library contained the following spells:

 Spells                   Type           Power      Damage    Failure   Level
 Ensorcelled Hibernation  Hex/Ice        0%         N/A       30%         2
 Passwall                 Tmut/Erth      0%         N/A       30%         2
 Gell's Gravitas          Tloc           0%         N/A       52%         3
 Swiftness                Air            0%         N/A       52%         3
 Teleport Other           Tloc           0%         N/A       52%         3
 Dispersal                Tloc           0%         N/A       100%        6


Dungeon Overview and Level Annotations

Branches:
Dungeon (6/15)
 Temple: D:4-7

Altars:
Gozag
Wu Jian

Shops:
D:5 [

Annotations:
D:4 1 runed translucent door, Crazy Yiuf


Innate Abilities, Weirdness & Mutations

You are a hulking beast.
Your limbs bulge with bestial killing power. (Slay +4)
You cannot wear most types of armour.
You are amphibious.
You can wear up to eight rings at the same time.
Your skin changes colour to match your surroundings (Stealth+).
Your rubbery body absorbs attacks. (AC +1, EV +1)
((You are camouflaged when in or above water. (Stealth+)))
You have tentacles for arms and can constrict up to eight enemies at once.


Message History

You kill the orc!
The Council accepts your kill. The gnoll closely misses you.
You barely miss the gnoll. You grab the gnoll. You squeeze the gnoll!
You kill the gnoll!
The Council accepts your kill.
Health restored: 62 No target in view!
No target in view!
You see here a +0 club.
There is an open door here.
An iguana comes into view.
A wyvern comes into view.
The wyvern hisses angrily.
A sky beast comes into view.
The iguana hisses angrily.
An ufetubus comes into view.
You lunge at the wyvern.
You tentacle-slap the wyvern. You squeeze the wyvern.
The wyvern is moderately wounded.
The wyvern bites you! x2
You take 24 damage, and have 38/62 hp.
MASSIVE DAMAGE!!
You are too injured to fight recklessly!
You tentacle-slap the wyvern. Your squeeze misses the wyvern.
The wyvern is moderately wounded.
The wyvern bites you!
You take 7 damage, and have 31/62 hp.
You bludgeon the wyvern! Your squeeze misses the wyvern.
The wyvern is heavily wounded.
The wyvern bites you!
You take 12 damage, and have 19/62 hp.
You closely miss the wyvern.
The wyvern is heavily wounded.
The wyvern bites you!
* * * LOW HITPOINT WARNING * * *
You take 15 damage, and have 4/62 hp.
MASSIVE DAMAGE!!
You feel better. The ufetubus hits you.
* * * LOW HITPOINT WARNING * * *
The ufetubus barely misses you. The wyvern misses you. The ufetubus hits you.
* * * LOW HITPOINT WARNING * * *
The ufetubus closely misses you. The wyvern bites you!
You die...

#... + #... .# #..# ..# #
##..##..#### #. ..Y.......
#.. #........ #
##..######..# .# #
#.......##.l##..# #
#.....).)'..h5..# #
#...##..##...l...... #
######..##..##......##.# .#
.....#..##).........# ..#
#....#......##..##.... ...'
#....#......##..#####...#.#
#....#......'.......##.##.##
#....#..######..............
#....#..##..##..##..##......


You could see a wyvern, a sky beast, an iguana and an ufetubus.

Vanquished Creatures
  Pikel (D:4)
  Jeremiah (D:6)
  Sigmund (D:6)
  Menkaure (D:4)
  Duvessa (D:4)
  2 black bears (D:5)
  An ice beast (D:6)
  2 ogres
  A centaur (D:6)
  2 phantoms (D:4)
  2 lemures (D:4)
  2 scorpions
  Dowan (D:4)
  A howler monkey (D:5)
  2 hounds
  Natasha (twice) (D:3)
  3 iguanas
  2 orc wizards
  Robin (D:4)
  7 gnolls
  11 adders
  A white imp (D:6)
  2 ufetubi (D:5)
  A worm (D:3)
  A dart slug (D:1)
  14 orcs
  4 ball pythons
  7 endoplasms
  3 giant cockroaches
  19 goblins
  10 hobgoblins
  6 jackals
  3 quokkas
  9 bats
  2 frilled lizards (D:2)
  4 kobolds
  4 rats (D:1)
137 creatures vanquished.

Notes
Turn   | Place    | Note
-------+----------+-------------------------------------------
     0 | D:1      | Dirtsage the Octopode Shapeshifter began the quest for the
                  | Orb.
     0 | D:1      | Reached XP level 1. HP: 13/13 MP: 1/1
   203 | D:1      | Reached XP level 2. HP: 18/18 MP: 2/2
   545 | D:1      | Found a faded altar of an unknown god.
   593 | D:1      | Reached XP level 3. HP: 19/23 MP: 3/3
   913 | D:2      | Found an ornate altar of the Wu Jian Council.
   927 | D:2      | Became a worshipper of the Wu Jian Council
  1652 | D:3      | Reached XP level 4. HP: 29/29 MP: 4/4
  1797 | D:3      | Reached skill level 4 in Unarmed Combat
  1951 | D:3      | Reached XP level 5. HP: 34/34 MP: 5/5
  1952 | D:3      | Reached * piety under Wu Jian
  2250 | D:3      | Noticed Natasha
  2258 | D:3      | Killed Natasha
  2399 | D:3      | Noticed Natasha
  2406 | D:3      | Killed Natasha
  2407 | D:3      | Reached XP level 6. HP: 34/41 MP: 6/6
  2822 | D:4      | Noticed Duvessa
  2833 | D:4      | Killed Duvessa
  2833 | D:4      | Noticed Dowan
  2834 | D:4      | Reached skill level 5 in Unarmed Combat
  2846 | D:4      | Killed Dowan
  2847 | D:4      | Reached skill level 5 in Shapeshifting
  2847 | D:4      | Reached XP level 7. HP: 46/46 MP: 7/7
  2985 | D:4      | Noticed Pikel
  3081 | D:4      | Killed Pikel
  3082 | D:4      | Reached skill level 6 in Unarmed Combat
  3082 | D:4      | Reached XP level 8. HP: 29/54 MP: 8/8
  3337 | D:4      | Noticed Robin
  3396 | D:4      | Saving game... please wait.
  3685 | D:4      | Noticed Menkaure
  3694 | D:4      | Killed Menkaure
  3850 | D:4      | Found a runed translucent door.
  3851 | D:4      | Noticed Crazy Yiuf
  3902 | D:4      | Killed Robin
  4067 | D:5      | Entered Level 5 of the Dungeon
  4069 | D:5      | Found an opulent altar of Gozag.
  4274 | D:5      | Reached skill level 7 in Unarmed Combat
  4804 | D:5      | Reached ** piety under Wu Jian
  5025 | D:5      | Found Gionn's Armour Emporium.
  5090 | D:5      | Reached XP level 9. HP: 57/60 MP: 9/9
  5224 | D:6      | Noticed Sigmund
  5229 | D:6      | Killed Sigmund
  5230 | D:6      | Reached skill level 5 in Fighting
  5262 | D:6      | Reached skill level 8 in Unarmed Combat
  5498 | D:6      | Noticed Jeremiah
  5523 | D:6      | Killed Jeremiah
  5977 | D:6      | Slain by a wyvern

Illustrated notes

Levels and vault maps discovered:
D:1:      minmay_arrival_radiant_lines, layout_loops_corners,
          shapermc_ecumenical_altar_gd, amcnicky_mini_rare_corridor_liquid
D:2:      layout_loops_cross, basic_altar
D:3:      minmay_recursive_quarters, layout_rooms, minmay_misc_feat_five,
          nicolae_half_adder, uniq_natasha
D:4:      kennysheep_goblin_castle, layout_loops_corners, kennysheep_cross_room,
          uniq_crazy_yiuf_cottage, uniq_menkaure, uniq_duvessa, uniq_pikel
D:5:      layout_gridville, nicolae_gozag_cash_rules_everything_around_me,
          serial_shops, shop, hangedman_abyss_or_decor_slice
D:6:      layout_gridville, nicolae_shop_gadgets, uniq_sigmund, uniq_jeremiah

Skill      XL: |  1  2  3  4  5  6  7  8  9 |
---------------+----------------------------+-----
Fighting       | 2 3 4 5 |  5.6
Unarmed Combat | 4 5 6 7 8 |  8.6
Shapeshifting  | 4 5 7 |  7.8
Dodging        | |  2.0

Action                     |  1- 3 |  4- 6 |  7- 9 || total
---------------------------+-------+-------+-------++-------
  Melee: Unarmed           |    75 |    86 |   160 ||   321
         Constrict         |    19 |    13 |    34 ||    66
         Tentacles         |    12 |    10 |    43 ||    65
         Punch             |     2 |     4 |    12 ||    18
Ability: Lunge             |     2 |     6 |    20 ||    28
         Whirlwind         |       |       |    17 ||    17
  Evoke: Wand              |       |     1 |     7 ||     8
    Use: Potion            |       |     3 |     1 ||     4
         Scroll            |       |     4 |     3 ||     7
   Stab: Sleeping          |     8 |     4 |     7 ||    19
         Paralysed         |       |       |    13 ||    13
         Distracted        |       |       |     1 ||     1
 Armour: Skin              |    21 |    41 |    63 ||   125
  Dodge: Dodged            |    25 |    31 |    70 ||   126

Table legend: (Time is in decaauts)
 A = Elapsed time spent in this place.
 B = Non-inter-level travel time spent in this place.
 C = Inter-level travel time spent in this place.
 D = Time resting spent in this place.
 E = Time spent auto-exploring this place.
 F = Levels seen in this place.
 G = Mean time per level.
                   A        B        C        D        E       F      G
               +--------+--------+--------+--------+--------+-----+--------+
         Total |   5946 |   5782 |    164 |    235 |   4707 |   6 |  991.0 |
       Dungeon |   5946 |   5782 |    164 |    235 |   4707 |   6 |  991.0 |
               +--------+--------+--------+--------+--------+-----+--------+

Top non-repeatable levels by time:
     D:4: 1612 daAuts
     D:5: 1152 daAuts
     D:3: 1015 daAuts
     D:1: 880 daAuts
     D:6: 745 daAuts
     D:2: 540 daAuts
